 Dungeon Crawl Stone Soup version 0.20-a0-959-gdc9e609 (webtiles) character file.

506 Hybris the Poker (level 6, -9/51 HPs)
             Began as a Demonspawn Chaos Knight on Apr 6, 2017.
             Mangled by an ogre
             ... wielding a +0 giant club
              (16 damage)
             ... on level 4 of the Dungeon.
             The game lasted 00:07:08 (3309 turns).

Hybris the Poker (Demonspawn Chaos Knight)          Turns: 3309, Time: 00:07:09

Health: -9/51      AC:  5    Str: 10    XL:     6   Next: 97%
Magic:  0/6        EV: 11    Int: 14    God:    Xom [*.....]
Gold:   229        SH:  0    Dex: 14    Spells: 5/5 levels left

rFire    + . .     SeeInvis .   a - +1 spear (chaos)
rCold    . . .     Gourm    .   (no shield)
rNeg     . . .     Faith    .   b - +2 leather armour
rPois    .         Spirit   +   (no helmet)
rElec    .         Reflect  .   (no cloak)
rCorr    .         Harm     .   (no gloves)
MR       .....                  (no boots)
Stlth    +.........             (no amulet)
Regen    0.2/turn               (no ring)
MPRegen  0.1/turn               (no ring)

@: no status effects
A: claws 2, fangs 1, fire resistance 1, weak 1, magic shield
a: Renounce Religion


You were on level 4 of the Dungeon.
You worshipped Xom.
You were a special plaything of Xom.
You were hungry.

You visited 1 branch of the dungeon, and saw 4 of its levels.

You collected 229 gold pieces.

Inventory:

Hand Weapons
 a - a +1 spear of chaos (weapon)
Armour
 b - a +2 leather armour (worn)
Jewellery
 f - a cursed ring of positive energy
Scrolls
 e - 8 scrolls of identify
Potions
 i - a potion of heal wounds
Comestibles
 c - 4 bread rations
 h - a meat ration


   Skills:
 + Level 5.0 Fighting
 * Level 6.2 Polearms
 - Level 1.7 Armour
 - Level 0.8 Dodging


You had 5 spell levels left.
You didn't know any spells.

Dungeon Overview and Level Annotations

Branches:
Dungeon (4/15)
 Temple: D:4-7

Altars:


Innate Abilities, Weirdness & Mutations

You have very sharp fingernails.
Your flesh is heat resistant. (rF+)
When hurt, damage is shared between your health and your magic reserves.
You have very sharp teeth.
You are weak. (Str -2)


Message History

You hit the ogre.
The ogre is moderately wounded.
The ogre hits you with a giant club!
You hit the ogre. You burn the ogre.
The ogre is heavily wounded.
The ogre hits you with a giant club!
You hit the ogre but do no damage.
The ogre goes berserk!
The ogre is heavily wounded.
You hit the ogre.
The ogre is poisoned.
The ogre is heavily wounded.
The ogre hits you with a giant club!!
Ouch! That really hurt!
* * * LOW HITPOINT WARNING * * *
You are too injured to fight recklessly!
You are too injured to fight recklessly!
You hit the ogre.
The ogre is severely wounded.
The ogre hits you with a giant club!
You die...
Xom chortles!

.# .# .# .# .# .#
#######.#####.
#.....@O......
#.####..#..... #.####..#
.... #....#........
#..#.#.##...... ..
###..#)#.##......##.## ..
#....#........#..#...##..
#.#######.# ###.......#..
#....#....#####..........


You could see an ogre (berserk).

Vanquished Creatures
  A wind drake (shapeshifter) (D:3)
  An ogre (D:3)
  An iguana (D:3)
  An orc wizard (D:3)
  A worker ant (D:4)
  3 gnolls (D:4)
  4 adders
  4 worms
  2 dart slugs
  5 orcs (D:3)
  8 bats
  A giant cockroach (shapeshifter) (D:1)
  3 giant cockroaches
  8 goblins
  6 hobgoblins
  A jackal (shapeshifter) (D:4)
  3 kobolds
  3 frilled lizards
  6 rats
62 creatures vanquished.

Notes
Turn   | Place    | Note
-------+----------+-------------------------------------------
     0 | D:1      | Hybris the Demonspawn Chaos Knight began the quest for the Orb.
     0 | D:1      | Reached XP level 1. HP: 18/18 MP: 1/1
   218 | D:1      | XOM: harmless Pois miscast
   220 | D:1      | Reached skill level 3 in Polearms
   220 | D:1      | Gained mutation: Your flesh is heat resistant. (rF+) [demonic ancestry]
   220 | D:1      | Reached XP level 2. HP: 24/24 MP: 2/2
   221 | D:1      | XOM: divination: detect creatures
   434 | D:1      | XOM: medium Air miscast
   493 | D:1      | XOM: harmless Ice miscast
   719 | D:1      | XOM: harmless Tmut miscast
  1024 | D:2      | Gained mutation: You have sharp fingernails. [demonic ancestry]
  1024 | D:2      | Reached XP level 3. HP: 29/29 MP: 3/3
  1084 | D:2      | XOM: harmless Ice miscast
  1544 | D:2      | Reached skill level 4 in Polearms
  1903 | D:3      | Gained mutation: When hurt, damage is shared between your health and your magic reserves. [demonic ancestry]
  1903 | D:3      | Reached XP level 4. HP: 35/35 MP: 4/4
  2014 | D:3      | Found a faded altar of an unknown god.
  2027 | D:3      | Noticed an ogre
  2032 | D:3      | Gained mutation: You are weak. (Str -2) [potion of mutation]
  2032 | D:3      | Gained mutation: You have very sharp teeth. [potion of mutation]
  2049 | D:3      | Killed an ogre
  2049 | D:3      | Gained mutation: You have very sharp fingernails. [demonic ancestry]
  2049 | D:3      | Reached XP level 5. HP: 11/42 MP: 2/5
  2298 | D:3      | Noticed a sky beast
  2301 | D:3      | XOM: cleaving
  2302 | D:3      | Noticed a wind drake
  2302 | D:3      | a sky beast changed into a wind drake
  2319 | D:3      | XOM: noise
  2321 | D:3      | Xom revived you
  2322 | D:3      | Killed a wind drake
  2322 | D:3      | Reached skill level 5 in Polearms
  2322 | D:3      | Reached XP level 6. HP: 7/49 MP: 0/6
  2702 | D:3      | XOM: noise
  2732 | D:3      | Reached skill level 6 in Polearms
  2955 | D:4      | Reached skill level 5 in Fighting
  3309 | D:4      | Mangled by an ogre

Vault maps used:
D:1:      arrival_zaba_pyramid
D:2:      first_bread, minmay_item_behind_shaft, grunt_ministairs_13
D:3:      chequers_ecumenical_altar_simple_redux
D:4:      eat_drink_and_be_merry_uskayaw, uniq_menkaure

Skill      XL: |  1  2  3  4  5  6 |
---------------+-------------------+-----
Polearms       | 3 4 5 6 |  6.2
Fighting       | 4 5 |  5.0
Armour         | |  1.7
Dodging        | |  0.8

Action                   |  1- 3 |  4- 6 || total
-------------------------+-------+-------++-------
Melee: Spear             |   133 |   135 ||   268
       Bite              |       |     8 ||     8
  Use: Potion            |     1 |     2 ||     3
       Scroll            |     7 |     1 ||     8
 Stab: Paralysed         |     7 |     4 ||    11
       Sleeping          |     2 |     4 ||     6
  Eat: Chunk             |     3 |     4 ||     7
Armor: Leather armour    |    27 |    23 ||    50
Dodge: Dodged            |    29 |    39 ||    68
